AoeStats
← Hobab

Arena

509318330Analyzed
2v2 RM · 7d ago on Sep 26, 2026· 48m 31s· 4 players
Game mode
Random Map
Map size
Medium (4 player)
Population
200
Speed
Normal
Resources
Standard
Victory
Conquest
Starting age
Dark Age
Ending age
Imperial Age
RankedLock teamsTeams togetherTeam positionsShared explorationLock speedFull tech treeHidden civsTurbo modeCheats
Victory
Defeat
🇭🇰 Cumans · Hong Kong SAR China
1137
+15
🇪🇸 Britons · Spain
1078
+18
🇫🇮 Muisca · Finland
1122
-17
🇵🇱 Saracens · Poland
1108
-16
Bodziu
0:26 Loom
10:36 Feudal Age
16:54 Castle Age
16:14 Bloodlines
16:35 Scale Barding Armor
20:39 Double-Bit Axe
22:03 Husbandry
24:27 Chain Barding Armor
24:54 Forging
27:15 Iron Casting
29:50 Gold Mining
35:08 Horse Collar
39:46 Imperial Age
39:04 Gold Shaft Mining
39:58 Elite Mameluke
42:57 Blast Furnace
Hobab
2:21 Loom
11:53 Feudal Age
12:01 Champi Runner
23:10 Castle Age
22:52 Scale Mail Armor
23:15 Champi Warrior
24:15 Chain Mail Armor
24:12 Forging
25:10 Squires
31:11 Iron Casting
31:33 Pikeman
36:35 Imperial Age
34:52 Stone Mining
39:09 Plate Mail Armor
38:06 Elite Champi Warrior
RomeD
9:39 Feudal Age
10:19 Double-Bit Axe
19:22 Castle Age
17:15 Loom
18:50 Gold Mining
18:59 Stone Mining
19:03 Horse Collar
20:52 Bow Saw
21:24 Gold Shaft Mining
22:41 Bloodlines
22:40 Scale Barding Armor
22:46 Forging
23:42 Chain Barding Armor
25:40 Heavy Plow
26:20 Gold Shaft Mining
26:17 Town Watch
27:08 Wheelbarrow
29:18 Iron Casting
33:28 Imperial Age
31:15 Hand Cart
34:49 Plate Barding Armor
35:15 Blast Furnace
33:36 Cavalier
34:40 Conscription
35:30 Two-Man Saw
35:05 Crop Rotation
35:43 Squires
35:04 Man-at-Arms
35:31 Arson
35:50 Scale Mail Armor
35:26 Paladin
36:36 Long Swordsman
37:32 Two-Handed Swordsman
38:30 Chain Mail Armor
38:07 Pikeman
38:08 Champion
40:24 Light Cavalry
43:37 Plate Mail Armor
42:29 Halberdier
44:02 Hussar
miniyooo_o
0:35 Loom
10:48 Feudal Age
11:34 Double-Bit Axe
11:32 Horse Collar
13:43 Wheelbarrow
14:21 Town Watch
18:46 Castle Age
17:17 Stone Mining
19:18 Town Watch
19:49 Hand Cart
19:39 Heavy Plow
19:50 Bow Saw
26:31 Fletching
28:32 Town Watch
34:59 Town Patrol
36:02 Gold Mining
40:48 Imperial Age
38:51 Squires
38:25 Pikeman
39:18 Forging
39:08 Scale Mail Armor
39:58 Gold Shaft Mining
41:38 Iron Casting
41:18 Chain Mail Armor
42:54 Ballistics
43:35 Chemistry
43:14 Heavy Scorpion
45:12 Blast Furnace
45:32 Capped Ram
46:11 Gambesons
46:13 Arson
47:15 Conscription
47:13 Halberdier
Connection lost

Rejoining the realm…

Still unreachable

The connection could not be restored.

Session expired

The server has moved on; the page needs a fresh start.